 Dungeon Crawl Stone Soup version 0.25-a0-44-g29a1220a87 (webtiles) character file.

Game seed: 5857051883830623345, levelgen mode: deterministic

96 iamserjio the Scratcher (level 4, -1/31 HPs)
             Began as a Felid Chaos Knight on Oct 25, 2019.
             Was a Plaything of Xom.
             Slain by a mummy (5 damage)
             ... in an ossuary.
             The game lasted 00:04:06 (3634 turns).

iamserjio the Scratcher (Felid Chaos Knight)        Turns: 3634, Time: 00:04:07

Health: -1/31      AC: 22    Str: 11    XL:     4   Next: 41%
Magic:  5/5        EV:  4    Int: 13    God:    Xom [..*...]
Gold:   174        SH:  0    Dex: 15    Spells: 3/3 levels left
                                        Lives:  0   Deaths: 1

rFire    . . .     SeeInvis +     - Unarmed
rCold    . . .     Gourm    .   (shield unavailable)
rNeg     + + +     Faith    .   (armour unavailable)
rPois    +         Spirit   .   (helmet unavailable)
rElec    .         Reflect  .   (cloak unavailable)
rCorr    .         Harm     .   (gloves unavailable)
MR       .....     NoTele   +   (boots unavailable)
Stlth    +.........             (no amulet)
HPRegen  0.10/turn              (no ring)
MPRegen  0.09/turn              (no ring)

@: tree-form
A: very small, no armour, no weapons or thrown items, stealth, see invisible,
carnivore, slow metabolism 1, strong 1
a: Renounce Religion


You were in an ossuary.
You worshipped Xom.
You were a toy of Xom.
You were not hungry.
You were a tree.
You visited 1 branch of the dungeon, and saw 4 of its levels.
You also visited: Ossuary.

You collected 174 gold pieces.

Inventory:

Scrolls
 b - a scroll of random uselessness {unknown}
 d - a scroll of immolation {unknown}
 f - 2 scrolls of enchant armour {unknown}
 i - 2 scrolls of remove curse {unknown}
 l - a scroll of amnesia {unknown}
 n - a scroll of fog {unknown}
 o - 3 scrolls of fear {unknown}
Potions
 c - 3 potions of curing {@q1}
 g - a potion of heal wounds {unknown}
 j - 4 potions of degeneration
 k - a potion of mutation
 p - a potion of flight
 q - a potion of brilliance
 r - a potion of magic
Comestibles
 a - 5 rations


   Skills:
 - Level 3.0 Fighting
 + Level 5.0 Dodging
 * Level 5.1 Unarmed Combat


You had 3 spell levels left.
You didn't know any spells.
Your spell library was empty.

Dungeon Overview and Level Annotations

Branches:
Dungeon (4/15)            Ossuary (1/1)
 Temple: D:4-7

Altars:

Annotations:
D:3 Ijyb


Innate Abilities, Weirdness & Mutations

You cannot wear armour.
You are incapable of wielding weapons or throwing items.
Your paws allow you to move quietly. (Stealth)
((You have sharp claws.))
((You have razor-sharp teeth.))
You have supernaturally acute eyesight. (SInv)
You are carnivorous and can eat meat at any time.
((You cover ground quickly.))
((You are covered in fur. (AC +1)))
You have a slow metabolism.
((Your sharp claws are effective at attacking unaware monsters.))
Your muscles are strong. (Str +2)


Message History

As you read the scroll of identify {@r1}, it crumbles to dust.
p - a potion of flight
As you read the scroll of identify {@r1}, it crumbles to dust.
m - a potion of lignification
Okay, then.
Really quaff the potion of lignification?
You turn into a tree.
Your roots penetrate the ground.
You hit the mummy. The mummy hits you but does no damage.
You hit the mummy but do no damage. You hit the mummy.
The mummy hits you but does no damage. The mummy hits you.
* * * LOW HITPOINT WARNING * * *
You smack the mummy!
You hit the mummy but do no damage. The mummy hits you but does no damage.
The mummy hits you.
* * * LOW HITPOINT WARNING * * *
You smack the mummy!
You destroy the mummy!
Your Dodging skill increases to level 5!
You hit the mummy. The mummy hits you.
You die...

#∩.......................
#......M§...............M
#..###'###'###'###'###'##
#..#...#...#...#...#...#.
#..#.####'##'#####'###'##
#..#.#....#....#....#....
#..###....#....#....#....
#..'.#...M#....#....#....
#..#.#..♣.#....#....#....
#..#.####################
#..###....# +....
#..'.#....# #....
#..#.#....# ∆∆∆ #....
#..#.'....# ∆∆∆∆∆ #....
#..######## ∆∆ ∆∆ #####
#..+ ∆∆∆∆∆ #.... #..# ∆∆∆
#....


You could see a mummy.

Vanquished Creatures
  2 ogre zombies (Ossuary)
  A mummy (Ossuary)
  3 adders (D:2)
  A worm (D:2)
  2 dart slugs
  4 leopard geckos
  4 bats
  2 giant cockroaches (D:1)
  2 goblins (D:2)
  6 hobgoblins
  4 kobolds
  A quokka (D:2)
  2 ball pythons
  6 frilled lizards
  A gnoll zombie (Ossuary)
  3 goblin zombies (Ossuary)
  A hobgoblin zombie (Ossuary)
  3 kobold zombies (Ossuary)
  2 quokka zombies (Ossuary)
  7 rats
  5 rat zombies (Ossuary)
62 creatures vanquished.

Vanquished Creatures (collateral kills)
  A centaur zombie (Ossuary)
1 creature vanquished.

Grand Total: 63 creatures vanquished

Notes
Turn   | Place    | Note
-------+----------+-------------------------------------------
     0 | D:1      | iamserjio the Felid Chaos Knight began the quest for the
                  | Orb.
     0 | D:1      | Reached XP level 1. HP: 10/10 MP: 2/2
    72 | D:1      | XOM: harmless Ice miscast
    88 | D:1      | XOM: god gift: 2 throwing nets
   200 | D:1      | Reached XP level 2. HP: 14/14 MP: 3/3
   485 | D:1      | XOM is BORED!
   485 | D:1      | XOM: give mutation
   485 | D:1      | Gained mutation: Your muscles are strong. (Str +2) [Xom's
                  | mischief]
   806 | D:1      | XOM: smoke on damage
   876 | D:1      | XOM: god gift: runed fustibalus {god gift}
   890 | D:2      | XOM: mild Pois miscast
  1128 | D:2      | XOM: mild Hex miscast
  1330 | D:2      | XOM: god gift: lumpy black potion {god gift}
  1364 | D:2      | Reached XP level 3. HP: 14/17 MP: 4/4
  2035 | D:2      | XOM: butterfly on damage
  2040 | D:2      | Reached XP level 4. HP: 17/21 MP: 5/5
  2232 | D:3      | Noticed Ijyb
  2275 | D:4      | Found a sand-covered staircase.
  2281 | Ossuary  | Entered an ossuary
  2490 | Ossuary  | XOM: cast spell 'Summon Ice Beast'
  3051 | Ossuary  | XOM: divination: detect items
  3108 | Ossuary  | Slain by a mummy
  3109 | Ossuary  | Reached XP level 3. HP: -1/17 MP: 4/4
  3358 | Ossuary  | XOM: divination: detect items
  3368 | Ossuary  | Reached skill level 5 in Unarmed Combat
  3368 | Ossuary  | Reached XP level 4. HP: 15/21 MP: 5/5
  3535 | Ossuary  | XOM: harmless Fire miscast
  3600 | Ossuary  | XOM: butterfly on damage
  3633 | Ossuary  | Reached skill level 5 in Dodging
  3634 | Ossuary  | Slain by a mummy

Levels and vault maps discovered:
D:1:      scummos_arrival_simple_fountains, layout_loops_ring,
          palyth_stone_intersect, nrook_mini_vaults
D:2:      layout_basic, minmay_pentomino_pile
D:3:      layout_basic, grunt_temple_overflow_open,
          chequers_serial_rivers_large_b, uniq_ijyb
D:4:      layout_rooms, nicolae_ossuary_entry_plus, uniq_blork_the_orc,
          uniq_natasha, uniq_edmund
Ossuary:  ossuary_boxes_badplayer

Skill      XL: |  1  2  3  4 |
---------------+-------------+-----
Unarmed Combat | 4 5 |  5.1
Dodging        | 4 5 |  5.0
Fighting       | |  3.0

Action                   |  1- 3 |  4- 6 || total
-------------------------+-------+-------++-------
Melee: Unarmed           |   108 |    70 ||   178
       Bite              |     9 |     5 ||    14
       Punch             |     1 |     2 ||     3
  Use: Potion            |     1 |     1 ||     2
       Scroll            |       |     6 ||     6
 Stab: Sleeping          |     6 |     1 ||     7
       Distracted        |     2 |       ||     2
  Eat: Chunk             |     9 |     1 ||    10
Armor: Skin              |     8 |     4 ||    12
Dodge: Dodged            |    80 |    34 ||   114

Table legend:
 A = Non-vault XP
 B = Vault XP
 C = Vault XP percentage of total XP
 D = Non-vault monster count
 E = Vault monster count
 F = Vault count percentage of total count
                 A         B        C        D         E       F
            +---------+---------+-------+---------+---------+-------
      Total |     108 |     126 |  53.8 |      41 |      22 |  34.9
            +---------+---------+-------+---------+---------+-------
        D:1 |      27 |       0 |   0.0 |      14 |       0 |   0.0
        D:2 |      79 |       7 |   8.1 |      25 |       3 |  10.7
        D:3 |       1 |       0 |   0.0 |       1 |       0 |   0.0
        D:4 |       1 |       0 |   0.0 |       1 |       0 |   0.0
    Ossuary |       0 |     119 | 100.0 |       0 |      19 | 100.0
            +---------+---------+-------+---------+---------+-------
